TOP OF THE 1ST |
Indianapolis Indians batting - Pitching for El Paso Chihuahuas : RHP Sean Rice
|
Pitching: RHP Sean Rice
|
|
Batting: RHB Caleb Russell
|
0-0: Called Strike 0-1: Foul Ball, location: 2F 0-2: Ball 1-2: Foul Ball, location: 2F 1-2: Strikes out swinging
|
Batting: RHB Chris McCoy
|
0-0: Ball 1-0: Ground out 4-3 (Groundball, 34, EV 77.5 MPH)
|
Batting: LHB Jorge Quintana
|
0-0: Ball 1-0: Called Strike 1-1: Swinging Strike 1-2: Foul Ball, location: 2F 1-2: Foul Ball, location: 2F 1-2: Ball 2-2: Ball 3-2: Foul Ball, location: 2F 3-2: Fly out, F8 (Line Drive, 78M, EV 90.6 MPH)
|
Top of the 1st over - 0 runs, 0 hits, 0 errors, 0 left on base; Indianapolis 0 - El Paso 0 |
BOTTOM OF THE 1ST |
El Paso Chihuahuas batting - Pitching for Indianapolis Indians : LHP Hideharu Omoto
|
Pitching: LHP Hideharu Omoto
|
|
Batting: RHB Itsuo Yoshioka
|
0-0: Ball 1-0: Foul Ball, location: 2F 1-1: Foul Ball, location: 2F 1-2: Ball 2-2: Fly out, F8 (Flyball, 8RXD, EV 102.5 MPH)
|
Batting: RHB Danny Bunn
|
0-0: Ball 1-0: Swinging Strike 1-1: Called Strike 1-2: Ball 2-2: Strikes out looking
|
Batting: SHB Troy Maynard
|
0-0: Called Strike 0-1: Ball 1-1: Ball 2-1: Swinging Strike 2-2: Fly out, F8 (Flyball, 8RS, EV 92.5 MPH)
|
Bottom of the 1st over - 0 runs, 0 hits, 0 errors, 0 left on base; Indianapolis 0 - El Paso 0 |
TOP OF THE 2ND |
Indianapolis Indians batting - Pitching for El Paso Chihuahuas : RHP Sean Rice
|
Batting: LHB Micah Boshnjaku
|
0-0: Ball 1-0: Ball 2-0: Swinging Strike 2-1: Called Strike 2-2: Fly out, F5 (Popup, 15, EV 81.2 MPH)
|
Batting: SHB Ben Myers
|
0-0: Swinging Strike 0-1: Ball 1-1: Swinging Strike 1-2: Foul Ball, location: 2F 1-2: Ground out 4-3 (Groundball, 4S, EV 89.4 MPH)
|
Batting: SHB Trevor Weareorwear
|
0-0: Fly out, F7 (Flyball, 7LSF, EV 93.8 MPH)
|
Top of the 2nd over - 0 runs, 0 hits, 0 errors, 0 left on base; Indianapolis 0 - El Paso 0 |
BOTTOM OF THE 2ND |
El Paso Chihuahuas batting - Pitching for Indianapolis Indians : LHP Hideharu Omoto
|
Pitching: LHP Jason Salzer
|
|
Batting: RHB Kiril Emeshin
|
0-0: Ball 1-0: Ball 2-0: Ball 3-0: Called Strike 3-1: Called Strike 3-2: Strikes out swinging
|
Batting: SHB Jamie Roberts
|
0-0: Called Strike 0-1: Ball 1-1: Swinging Strike 1-2: Strikes out swinging
|
Batting: LHB Chris Moody
|
0-0: Ball 1-0: Ball 2-0: Called Strike 2-1: Called Strike 2-2: Ball 3-2: Strikes out swinging
|
Bottom of the 2nd over - 0 runs, 0 hits, 0 errors, 0 left on base; Indianapolis 0 - El Paso 0 |
TOP OF THE 3RD |
Indianapolis Indians batting - Pitching for El Paso Chihuahuas : RHP Sean Rice
|
Batting: SHB Louie Horne
|
0-0: Ground out 5-3 (Groundball, 5, EV 88.8 MPH)
|
Batting: RHB Jorge Cruz
|
0-0: Ball 1-0: Swinging Strike 1-1: Ball 2-1: Fly out, F7 (Flyball, 78D, EV 85.6 MPH)
|
Batting: RHB Slamet Pamungkas
|
0-0: Ball 1-0: Swinging Strike 1-1: Foul Ball, location: 2F 1-2: Ball 2-2: Ball 3-2: Hit by Pitch
|
Batting: RHB Caleb Russell
|
0-0: Foul Ball, location: 2F 0-1: Fielders Choice at 2nd, 6-4 (Groundball, 6, EV 94.4 MPH)
|
Top of the 3rd over - 0 runs, 0 hits, 0 errors, 1 left on base; Indianapolis 0 - El Paso 0 |
BOTTOM OF THE 3RD |
El Paso Chihuahuas batting - Pitching for Indianapolis Indians : LHP Jason Salzer
|
Batting: LHB Joseph Martin
|
0-0: Ball 1-0: Swinging Strike 1-1: Ball 2-1: Foul Ball, location: 2F 2-2: Ground out 4-3 (Groundball, 4, EV 102.5 MPH)
|
Batting: RHB Dan Grable
|
0-0: Foul Ball, location: 2F 0-1: SINGLE (Groundball, 6MD, EV 93.8 MPH)
|
Batting: RHB Tim Seggerman
|
0-0: Ball 1-0: Ball Dan Grable steals 2nd base 2-0: Ball 3-0: Called Strike 3-1: Base on Balls
|
Batting: RHB Itsuo Yoshioka
|
0-0: Swinging Strike 0-1: Foul Ball, location: 2F 0-2: Strikes out swinging
|
Batting: RHB Danny Bunn
|
0-0: Ball 1-0: Called Strike 1-1: Foul Ball, location: 2F 1-2: Strikes out looking
|
Bottom of the 3rd over - 0 runs, 1 hit, 0 errors, 2 left on base; Indianapolis 0 - El Paso 0 |
TOP OF THE 4TH |
Indianapolis Indians batting - Pitching for El Paso Chihuahuas : RHP Sean Rice
|
Batting: RHB Chris McCoy
|
0-0: Ball 1-0: Fly out, F7 (Line Drive, 7, EV 106.2 MPH)
|
Batting: LHB Jorge Quintana
|
0-0: Foul Ball, location: 2F 0-1: Ball 1-1: Foul Ball, location: 2F 1-2: Foul Ball, location: 2F 1-2: Ground out 4-3 (Groundball, 4, EV 79.4 MPH)
|
Batting: LHB Micah Boshnjaku
|
0-0: Ball 1-0: Ball 2-0: Ball 3-0: Called Strike 3-1: Base on Balls
|
Batting: SHB Ben Myers
|
0-0: Ball 1-0: Ball Micah Boshnjaku steals 2nd base 2-0: Called Strike 2-1: Foul Ball, location: 2F 2-2: Ball 3-2: Foul Ball, location: 2F 3-2: Strikes out swinging
|
Top of the 4th over - 0 runs, 0 hits, 0 errors, 1 left on base; Indianapolis 0 - El Paso 0 |
BOTTOM OF THE 4TH |
El Paso Chihuahuas batting - Pitching for Indianapolis Indians : LHP Jason Salzer
|
Batting: SHB Troy Maynard
|
0-0: Called Strike 0-1: Ball 1-1: Ground out U3 (Groundball, 34, EV 83.8 MPH)
|
Batting: RHB Kiril Emeshin
|
0-0: Ball 1-0: Foul Ball, location: 2F 1-1: Swinging Strike 1-2: Foul Ball, location: 2F 1-2: Ground out U3 (Groundball, 34, EV 105.6 MPH)
|
Batting: SHB Jamie Roberts
|
0-0: Ball 1-0: Swinging Strike 1-1: Foul Ball, location: 2F 1-2: Strikes out swinging
|
Bottom of the 4th over - 0 runs, 0 hits, 0 errors, 0 left on base; Indianapolis 0 - El Paso 0 |
TOP OF THE 5TH |
Indianapolis Indians batting - Pitching for El Paso Chihuahuas : RHP Sean Rice
|
Batting: SHB Trevor Weareorwear
|
0-0: Ball 1-0: Ball 2-0: Foul Ball, location: 2F 2-1: Ball 3-1: Base on Balls
|
Batting: SHB Louie Horne
|
0-0: SINGLE (Line Drive, 8LS, EV 110.0 MPH) Trevor Weareorwear to second
|
Batting: RHB Jorge Cruz
|
0-0: Ball 1-0: Ball 2-0: Fly out, F9 (Flyball, 89M, EV 91.2 MPH)
|
Batting: RHB Slamet Pamungkas
|
0-0: Called Strike 0-1: SINGLE (Groundball, 34S, EV 70.6 MPH) (infield hit) Trevor Weareorwear to third Louie Horne to second
|
Batting: RHB Caleb Russell
|
0-0: Ball 1-0: Ball 2-0: Ball 3-0: Called Strike 3-1: Base on Balls Trevor Weareorwear scores Louie Horne to third Slamet Pamungkas to second
|
Batting: RHB Chris McCoy
|
0-0: Ball 1-0: Called Strike 1-1: Ball 2-1: Called Strike 2-2: SINGLE (Groundball, 6S, EV 67.5 MPH) (infield hit) Louie Horne scores Slamet Pamungkas to third Caleb Russell to second
|
Batting: LHB Jorge Quintana
|
0-0: Fly out, F7 (Flyball, 7, EV 85.6 MPH) Runner from 3rd tags up, OUT at HOME! 7-2
|
Top of the 5th over - 2 runs, 3 hits, 0 errors, 2 left on base; Indianapolis 2 - El Paso 0 |
BOTTOM OF THE 5TH |
El Paso Chihuahuas batting - Pitching for Indianapolis Indians : LHP Jason Salzer
|
Batting: LHB Chris Moody
|
0-0: Called Strike 0-1: Ball 1-1: Ball 2-1: Foul Ball, location: 2F 2-2: SINGLE (Line Drive, 4D, EV 94.4 MPH)
|
Pitching: LHP Don Quiponch
|
|
Batting: LHB Joseph Martin
|
0-0: Swinging Strike 0-1: Ball 1-1: Ball 2-1: Foul Ball, location: 2F 2-2: Foul Ball, location: 2F 2-2: Strikes out looking
|
Batting: RHB Dan Grable
|
0-0: Ball 1-0: Ball 2-0: Ball 3-0: Fielders Choice at 2nd, 4-6 (Groundball, 34, EV 100.6 MPH)
|
Batting: RHB Tim Seggerman
|
0-0: Foul Ball, location: 2F 0-1: Foul Ball, location: 2F 0-2: Strikes out swinging
|
Bottom of the 5th over - 0 runs, 1 hit, 0 errors, 1 left on base; Indianapolis 2 - El Paso 0 |
TOP OF THE 6TH |
Indianapolis Indians batting - Pitching for El Paso Chihuahuas : RHP Sean Rice
|
Batting: LHB Micah Boshnjaku
|
0-0: Ball 1-0: Ball 2-0: Called Strike 2-1: Ground out 3-1 (Groundball, 34S, EV 82.5 MPH)
|
Batting: SHB Ben Myers
|
0-0: Called Strike 0-1: Ball 1-1: Ball 2-1: Ground out U3 (Groundball, 3D, EV 88.1 MPH)
|
Batting: SHB Trevor Weareorwear
|
0-0: Ball 1-0: Reached on error, E6 (Line Drive, 6M, EV 66.9 MPH)
|
Batting: SHB Louie Horne
|
0-0: Called Strike 0-1: Called Strike 0-2: Ball 1-2: Strikes out swinging
|
Top of the 6th over - 0 runs, 0 hits, 1 error, 1 left on base; Indianapolis 2 - El Paso 0 |
BOTTOM OF THE 6TH |
El Paso Chihuahuas batting - Pitching for Indianapolis Indians : LHP Don Quiponch
|
Batting: RHB Itsuo Yoshioka
|
0-0: Ball 1-0: Foul Ball, location: 2F 1-1: Foul Ball, location: 2F 1-2: Strikes out swinging
|
Batting: RHB Danny Bunn
|
0-0: Ball 1-0: Called Strike 1-1: Ground out 1-3 (Groundball, 13S, EV 65.6 MPH)
|
Batting: SHB Troy Maynard
|
0-0: Foul Ball, location: 2F 0-1: Ball 1-1: Foul Ball, location: 2F 1-2: Strikes out swinging
|
Bottom of the 6th over - 0 runs, 0 hits, 0 errors, 0 left on base; Indianapolis 2 - El Paso 0 |
TOP OF THE 7TH |
Indianapolis Indians batting - Pitching for El Paso Chihuahuas : RHP Sean Rice
|
Pitching: RHP Brandon Hendrix
|
|
Batting: RHB Jorge Cruz
|
0-0: Called Strike 0-1: Ball 1-1: Swinging Strike 1-2: Strikes out swinging
|
Batting: RHB Slamet Pamungkas
|
0-0: Called Strike 0-1: SINGLE (Groundball, 5S, EV 67.5 MPH) (infield hit)
|
Batting: RHB Caleb Russell
|
0-0: Called Strike 0-1: Fielders Choice at 2nd, 1-6 (Groundball, 13, EV 71.9 MPH)
|
Batting: RHB Chris McCoy
|
0-0: Ball Caleb Russell steals 2nd base (no throw) 1-0: Ground out 6-3 (Groundball, 6, EV 97.5 MPH)
|
Top of the 7th over - 0 runs, 1 hit, 0 errors, 1 left on base; Indianapolis 2 - El Paso 0 |
BOTTOM OF THE 7TH |
El Paso Chihuahuas batting - Pitching for Indianapolis Indians : LHP Don Quiponch
|
Pitching: RHP Justin Jones
|
|
Batting: RHB Kiril Emeshin
|
0-0: Ball 1-0: Fly out, F7 (Flyball, 7, EV 90.0 MPH)
|
Batting: SHB Jamie Roberts
|
0-0: Called Strike 0-1: Foul Ball, location: 2F 0-2: Strikes out swinging, 2-3 out at first.
|
Batting: LHB Chris Moody
|
0-0: Ball 1-0: Ball 2-0: Ball 3-0: Base on Balls
|
Batting: LHB Joseph Martin
|
0-0: Called Strike Chris Moody steals 2nd base 0-1: Ball 1-1: Foul Ball, location: 2F 1-2: Strikes out looking
|
Bottom of the 7th over - 0 runs, 0 hits, 0 errors, 1 left on base; Indianapolis 2 - El Paso 0 |
TOP OF THE 8TH |
Indianapolis Indians batting - Pitching for El Paso Chihuahuas : RHP Brandon Hendrix
|
Batting: LHB Jorge Quintana
|
0-0: Ball 1-0: Ball 2-0: Fly out, F7 (Flyball, 7LD, EV 76.9 MPH)
|
Batting: LHB Micah Boshnjaku
|
0-0: Called Strike 0-1: Foul Ball, location: 2F 0-2: Strikes out swinging
|
Batting: SHB Ben Myers
|
0-0: Foul Ball, location: 2F 0-1: Foul Ball, location: 2F 0-2: Ball 1-2: Ball 2-2: Foul Ball, location: 2F 2-2: Foul Ball, location: 2F 2-2: Foul Ball, location: 2F 2-2: Ball 3-2: Base on Balls
|
Batting: SHB Trevor Weareorwear
|
0-0: Ball 1-0: Ball 2-0: DOUBLE (Line Drive, 89D, EV 106.2 MPH) Ben Myers to third
|
Batting: SHB Louie Horne
|
0-0: Ball 1-0: Ball 2-0: DOUBLE (Groundball, 3L, EV 110.0 MPH) Ben Myers scores Trevor Weareorwear scores
|
Batting: RHB Jorge Cruz
|
0-0: Called Strike 0-1: Foul Ball, location: 2F 0-2: Ball 1-2: Strikes out swinging
|
Top of the 8th over - 2 runs, 2 hits, 0 errors, 1 left on base; Indianapolis 4 - El Paso 0 |
BOTTOM OF THE 8TH |
El Paso Chihuahuas batting - Pitching for Indianapolis Indians : RHP Justin Jones
|
Batting: RHB Dan Grable
|
0-0: Ball 1-0: Ball 2-0: Called Strike 2-1: SINGLE (Groundball, 6MD, EV 103.1 MPH)
|
Batting: RHB Tim Seggerman
|
0-0: Ball 1-0: Called Strike 1-1: TRIPLE (Flyball, 78XD, EV 91.2 MPH) Dan Grable scores
|
Batting: RHB Itsuo Yoshioka
|
0-0: Foul Ball, location: 2F 0-1: Foul Ball, location: 2F 0-2: Ground out 6-3 (Groundball, 6, EV 88.1 MPH) Tim Seggerman scores
|
Batting: RHB Danny Bunn
|
0-0: SINGLE (Groundball, 56S, EV 70.0 MPH) (infield hit)
|
Batting: SHB Troy Maynard
|
0-0: Called Strike 0-1: Ball 1-1: Called Strike 1-2: Fly out, F7 (Flyball, 7D, EV 97.5 MPH)
|
Batting: RHB Kiril Emeshin
|
0-0: Ball 1-0: Called Strike 1-1: Swinging Strike 1-2: Ball 2-2: Foul Ball, location: 2F 2-2: Foul Ball, location: 2F 2-2: Ball 3-2: Ground out 2-3 (Groundball, 15S, EV 67.5 MPH)
|
Bottom of the 8th over - 2 runs, 3 hits, 0 errors, 1 left on base; Indianapolis 4 - El Paso 2 |
TOP OF THE 9TH |
Indianapolis Indians batting - Pitching for El Paso Chihuahuas : RHP Brandon Hendrix
|
Pitching: RHP Shuuhei Watanabe
|
|
Batting: RHB Slamet Pamungkas
|
0-0: Foul Ball, location: 2F 0-1: Called Strike 0-2: Ball 1-2: Foul Ball, location: 2F 1-2: Ground out U3 (Groundball, 34, EV 86.2 MPH)
|
Batting: RHB Caleb Russell
|
0-0: Ball 1-0: SINGLE (Groundball, 56, EV 105.6 MPH) (infield hit)
|
Batting: RHB Chris McCoy
|
0-0: Swinging Strike 0-1: Ball 1-1: Ball 2-1: Ground out 5-3 (Groundball, 56S, EV 68.8 MPH) Caleb Russell to second
|
Batting: LHB Jorge Quintana
|
0-0: Ball 1-0: Fly out, F9 (Flyball, 89M, EV 85.0 MPH)
|
Top of the 9th over - 0 runs, 1 hit, 0 errors, 1 left on base; Indianapolis 4 - El Paso 2 |
BOTTOM OF THE 9TH |
El Paso Chihuahuas batting - Pitching for Indianapolis Indians : RHP Justin Jones
|
Pitching: RHP Justin West
|
|
Batting: SHB Jamie Roberts
|
0-0: Foul Ball, location: 2F 0-1: Ball 1-1: Ball 2-1: SINGLE (Groundball, 6M, EV 101.2 MPH) (infield hit)
|
Batting: LHB Chris Moody
|
0-0: Ball 1-0: SINGLE (Groundball, 56D, EV 104.4 MPH) Jamie Roberts to second
|
Batting: LHB Joseph Martin
|
0-0: Bunt missed! 0-1: Ball 1-1: Ball 2-1: Sac Bunt to 13 - play at first, batter OUT! 1-4 Jamie Roberts to third Chris Moody to second
|
Batting: RHB Dan Grable
|
0-0: Called Strike 0-1: Swinging Strike 0-2: Ball 1-2: SINGLE (Line Drive, 56D, EV 97.5 MPH) Jamie Roberts scores Chris Moody to third Runner from 3rd tries for Home, SAFE, throw by LF to home
|
Batting: RHB Tim Seggerman
|
0-0: Foul Ball, location: 2F 0-1: Called Strike 0-2: Strikes out swinging
|
Batting: RHB Itsuo Yoshioka
|
0-0: Ball 1-0: Called Strike 1-1: Ball 2-1: Foul Ball, location: 2F 2-2: Strikes out swinging
|
Bottom of the 9th over - 2 runs, 3 hits, 0 errors, 1 left on base; Indianapolis 4 - El Paso 4 |
TOP OF THE 10TH |
Indianapolis Indians batting - Pitching for El Paso Chihuahuas : RHP Shuuhei Watanabe
|
Pitching: RHP Eddie Starks
|
|
Batting: LHB Micah Boshnjaku
|
0-0: Ball 1-0: Ball 2-0: Ball 3-0: Called Strike 3-1: SOLO HOME RUN (Flyball, 9D, EV 100.0 MPH), Distance : 386 ft
|
Batting: SHB Ben Myers
|
0-0: Swinging Strike 0-1: Ball 1-1: Foul Ball, location: 2F 1-2: Strikes out looking
|
Batting: SHB Trevor Weareorwear
|
0-0: Ball 1-0: Ball 2-0: Called Strike 2-1: Swinging Strike 2-2: Strikes out swinging
|
Batting: SHB Louie Horne
|
0-0: Swinging Strike 0-1: Ball 1-1: Ground out U3 (Groundball, 3, EV 103.8 MPH)
|
Top of the 10th over - 1 run, 1 hit, 0 errors, 0 left on base; Indianapolis 5 - El Paso 4 |
BOTTOM OF THE 10TH |
El Paso Chihuahuas batting - Pitching for Indianapolis Indians : RHP Justin West
|
Pitching: RHP Albert Carrero
|
|
Batting: RHB Danny Bunn
|
0-0: Ball 1-0: Swinging Strike 1-1: Ground out 4-3 (Groundball, 4S, EV 86.9 MPH)
|
Batting: SHB Troy Maynard
|
0-0: Ball 1-0: Called Strike 1-1: Ball 2-1: Ball 3-1: Called Strike 3-2: Base on Balls
|
Batting: RHB Kiril Emeshin
|
0-0: SINGLE (Line Drive, 6D, EV 96.2 MPH) Troy Maynard to second
|
Pinch Runner at 2nd Doug Barr:
|
|
Batting: SHB Jamie Roberts
|
0-0: Ball 1-0: Foul Ball, location: 2F 1-1: Ball Wild Pitch! Doug Barr to third Kiril Emeshin to second 2-1: Ball 3-1: Base on Balls
|
Batting: LHB Chris Moody
|
0-0: Ball 1-0: Ball 2-0: Called Strike 2-1: Foul Ball, location: 2F 2-2: Ball 3-2: Grounds into fielders choice 5-2 (Groundball, 56S, EV 83.8 MPH) Kiril Emeshin to third Jamie Roberts to second
|
Batting: LHB Joseph Martin
|
0-0: Foul Ball, location: 2F 0-1: Swinging Strike 0-2: Ball 1-2: Ball 2-2: Strikes out swinging
|
Bottom of the 10th over - 0 runs, 1 hit, 0 errors, 3 left on base; Indianapolis 5 - El Paso 4 |
|